 Dungeon Crawl Stone Soup version 0.23.0 (webtiles) character file.

Game seed: 10154496242692740313

15 tidbits the Charmwright (level 2, 26/26 HPs)
             Began as a Gnoll Skald on Feb 11, 2019.
             Quit the game on level 3 of the Dungeon.
             The game lasted 00:02:10 (267 turns).

tidbits the Charmwright (Gnoll Skald)                Turns: 267, Time: 00:02:11

Health: 26/26      AC:  3    Str: 13    XL:     2   Next: 50%
Magic:  7/7        EV: 14    Int: 15    God:
Gold:   27         SH:  0    Dex: 14    Spells: 6/10 levels left

rFire    . . .     SeeInvis .   a - +0 spear
rCold    . . .     Gourm    .   (no shield)
rNeg     . . .     Faith    .   b - +0 leather armour
rPois    .         Spirit   .   (no helmet)
rElec    .         Reflect  .   (no cloak)
rCorr    .         Harm     .   (no gloves)
MR       .....                  (no boots)
Stlth    +.........             (no amulet)
HPRegen  0.08/turn              (no ring)
MPRegen  0.10/turn              (no ring)

@: no status effects
A: distributed training, fangs 1, strong nose
a: no special abilities


You were on level 3 of the Dungeon.
You were not hungry.

You visited 1 branch of the dungeon, and saw 4 of its levels.

You collected 27 gold pieces.

Inventory:

Hand Weapons
 a - a +0 spear (weapon)
Missiles
 h - 35 arrows
Armour
 b - a +0 leather armour (worn)
Scrolls
 c - a scroll of fear {unknown}
 e - a scroll of magic mapping {unknown}
 f - 2 scrolls of amnesia
 g - a scroll of remove curse {unknown}
 i - a scroll of enchant weapon {unknown}
Comestibles
 d - 2 rations


   Skills:
 + Level 4.5 Fighting
 + Level 0.4 Short Blades
 + Level 0.4 Long Blades
 + Level 0.4 Axes
 + Level 0.4 Maces & Flails
 + Level 4.5 Polearms
 + Level 0.4 Staves
 + Level 0.4 Slings
 + Level 0.4 Bows
 + Level 0.4 Crossbows
 + Level 0.4 Throwing
 + Level 2.5 Armour
 + Level 4.5 Dodging
 + Level 0.4 Stealth
 + Level 0.4 Shields
 + Level 0.4 Unarmed Combat
 + Level 4.9 Spellcasting
 + Level 0.2 Conjurations
 + Level 0.2 Hexes
 + Level 5.3 Charms
 + Level 0.2 Summonings
 + Level 0.2 Necromancy
 + Level 0.2 Translocations
 + Level 0.2 Transmutations
 + Level 0.2 Fire Magic
 + Level 0.2 Ice Magic
 + Level 0.2 Air Magic
 + Level 0.2 Earth Magic
 + Level 0.2 Poison Magic
 + Level 0.5 Invocations
 + Level 0.4 Evocations


You had 6 spell levels left.
You knew the following spells:

 Your Spells              Type           Power        Failure   Level  Hunger
g - Shroud of Golubria    Chrm/Tloc      ##........   10%         2    ##.....
y - Song of Slaying       Chrm           ###.....     3%          2    ##.....

Your spell library contained the following spells:

 Spells                   Type           Power        Failure   Level  Hunger
 Infusion                 Chrm           ###.         2%          1    None
 Regeneration             Chrm/Necr      ##........   21%         3    ###....
 Spectral Weapon          Hex/Chrm       ##......     21%         3    ###....


Dungeon Overview and Level Annotations

Branches:
Dungeon (4/15)
 Temple: D:4-7

Altars:

Annotations:
D:3 Terence


Innate Abilities, Weirdness & Mutations

Your experience applies equally to all skills.
You have very sharp teeth.
Your uncanny sense of smell can sniff out nearby items.


Message History

Found a scroll labeled VISIOF NAZXATO and 10 gold pieces.
You see here a scroll labeled VISIOF NAZXATO.
i - a scroll labeled VISIOF NAZXATO You see here 10 gold pieces.
You now have 10 gold pieces.
Your magical infusion is running out.
A frilled lizard comes into view.
The frilled lizard hisses.
Unknown command.
Unknown command.
Attack whom?
Press: ? - help, Dir - move target cursor, f - frilled lizard
Aim: a frilled lizard You reach to attack!
You barely miss the frilled lizard. You closely miss the frilled lizard.
You are no longer magically infusing your attacks.
The frilled lizard barely misses you.
You hit the frilled lizard.
You kill the frilled lizard!
Found a mace.
You see here a frilled lizard corpse.
A rat comes into view.
Found a stone staircase leading down.
Unknown command.
Unknown command.
Attack whom?
Press: ? - help, Dir - move target cursor, f - rat
Aim: a rat You reach to attack!
You closely miss the rat. You hit the rat.
You kill the rat!
Unknown command.
There is a stone staircase leading down here.
You climb downwards.
There is a stone staircase leading up here.
Unknown command.
Unknown command.
Magic restored.
Unknown command.
Found a stone staircase leading down.
Found 5 gold pieces.
Unknown command.
There is a stone staircase leading down here.
You climb downwards.
A ball python comes into view.
The ball python hisses angrily.
There is a stone staircase leading up here.
Unknown command.
Casting: Infusion (safe; 2% risk of failure)
Confirm with . or Enter, or press ? or * to list all spells.
You begin infusing your attacks with magical energy.
Unknown command.
Unknown command.
You hit the ball python!
You kill the ball python!
You see here a ball python corpse.
Unknown command.
Unknown command.
Magic restored.
Found a hand axe.
You see here a hand axe.
Unknown command.
Your magical infusion is running out.
Unknown command.
Unknown command.
Unknown command.
Found 17 gold pieces.
Found a stone staircase leading down.
You are no longer magically infusing your attacks.
Unknown command.
There is a stone staircase leading down here.
You see here 17 gold pieces.
You now have 27 gold pieces (gained 17).
There is a stone staircase leading down here.
You climb downwards.
A quokka, a hound and a howler monkey come into view.
Found 28 stones.
There is a stone staircase leading up here.
Unknown command.
Unknown command.
The howler monkey howls!
You hear an angry hiss.
You climb upwards.
There is a stone staircase leading down here.
Unknown command.
Found 2 scrolls labeled YPTUNE EMUMOR.
You see here 2 scrolls labeled YPTUNE EMUMOR.
As you read the scroll labeled YPTUNE EMUMOR, it crumbles to dust.
It is a scroll of amnesia.
Forget Infusion, freeing 1 spell level for a total of 6?
Your memory of Infusion unravels.
f - 2 scrolls of amnesia (gained 1) Unknown command.
Unknown command.
Found a stone staircase leading up.
Terence the Incautious comes into view.
He is wielding a +0 short sword.
Terence shouts!
Unknown command.
You aren't carrying any potions.
Unknown command.
Are you sure you want to abandon this character and quit the game? (Confirm with "yes".)

# ∆ ##.
##..@########
#..<..@.....#
##...######.#
##. #.# # #.#
#.# #.# #.#
#.# #.#


You could see Terence.

Vanquished Creatures
  An ooze (D:1)
  A hobgoblin (D:1)
  A ball python (D:3)
  2 bats (D:1)
  A frilled lizard (D:1)
  4 kobolds (D:1)
  3 rats (D:1)
13 creatures vanquished.

Notes
Turn   | Place    | Note
-------+----------+-------------------------------------------
     0 | D:1      | tidbits the Gnoll Skald began the quest for the Orb.
     0 | D:1      | Reached XP level 1. HP: 20/20 MP: 6/6
    91 | D:1      | Reached XP level 2. HP: 26/26 MP: 1/7
    95 | D:1      | Learned a level 2 spell: Song of Slaying
    98 | D:1      | Learned a level 2 spell: Shroud of Golubria
   236 | D:4      | Noticed a howler monkey
   266 | D:3      | Noticed Terence
   267 | D:3      | Quit the game

Action                   || total
-------------------------++-------
Melee: Spear             ||    28
 Cast: Infusion          ||     4
  Use: Scroll            ||     1
Armor: Leather armour    ||     2
Dodge: Dodged            ||    15

Table legend:
 A = Turns spent in this place as a percentage of turns spent in the entire game.
 B = Non-inter-level travel turns spent in this place as a percentage of non-inter-level travel turns spent in the entire game.
 C = Inter-level travel turns spent in this place as a percentage of turns spent in this place.
 D = Turns resting spent in this place as a percentage of non-inter-level travel turns spent in this place.
 E = Turns spent auto-exploring this place as a percentage of non-inter-level travel turns spent in this place.
 F = Non-inter-level travel turns spent in this place divided by the number of levels of this place that you've seen.
                   A       B       C       D       E      F
               +-------+-------+-------+-------+-------+----------------------
         Total | 100.0 | 100.0 |   0.0 |   0.0 |   0.0 |  66.8
       Dungeon | 100.0 | 100.0 |   0.0 |   0.0 |   0.0 |  66.8
               +-------+-------+-------+-------+-------+----------------------

Table legend:
 A = Kills in this place as a percentage of kills in entire the game.
 B = Kills by you in this place as a percentage of kills by you in the entire game.
 C = Kills by friends in this place as a percentage of kills by friends in the entire game.
 D = Other kills in this place as a percentage of other kills in the entire game.
 E = Experience gained in this place as a percentage of experience gained in the entire game.
 F = Experience gained in this place divided by the number of levels of this place that you have seen.
                   A       B       C       D       E      F
               +-------+-------+-------+-------+-------+----------------------
         Total | 100.0 | 100.0 |   N/A |   N/A | 100.0 |   5.5
       Dungeon | 100.0 | 100.0 |   N/A |   N/A | 100.0 |   5.5
               +-------+-------+-------+-------+-------+----------------------

Levels and vault maps discovered:
D:1:      lightli_arrival_chessboard, layout_loops_ring
D:2:      layout_loops_ring, minmay_octomino_c4
D:3:      layout_loops_ring, ebering_ghost_sewer_f, uniq_terence
D:4:      layout_cave_pools, uniq_menkaure
